 Dungeon Crawl Stone Soup version 0.26.1-2-gb8aa6d0 (webtiles) character file.

Game seed: 18397606948532795162

953 Nithhogg the Chopper (level 7, -18/63 HPs)
             Began as a Minotaur Fighter on Apr 1, 2021.
             Demolished by an ogre
             ... wielding a +0 giant spiked club
              (26 damage)
             ... on level 5 of the Dungeon.
             The game lasted 00:06:23 (4289 turns).

Nithhogg the Chopper (Minotaur Fighter)             Turns: 4289, Time: 00:06:23

Health: -18/63     AC: 17    Str: 22    XL:     7   Next: 90%
Magic:  6/6        EV:  8    Int: 11    God:
Gold:   340        SH:  0    Dex: 10    Spells: 6/6 levels left

rFire    . . .     SeeInvis .   a - +1 war axe
rCold    . . .     Faith    .   (no shield)
rNeg     . . .     Spirit   .   j - +1 plate armour
rPois    .         Reflect  .   (helmet restricted)
rElec    .         Harm     .   (no cloak)
rCorr    .         Rampage  .   m - +0 pair of gloves
Will     .....                  n - +1 pair of boots
Stlth    ..........             g - amulet of magic regeneration
HPRegen  0.20/turn              y - +6 ring of intelligence
MPRegen  0.35/turn              (no ring)

@: no status effects
A: retaliatory headbutt, horns 2
a: no special abilities


You were on level 5 of the Dungeon.
You visited 1 branch of the dungeon, and saw 5 of its levels.

You collected 340 gold pieces.

Inventory:

Hand Weapons
 a - a +1 war axe (weapon)
 l - a +3 mace
Armour
 b - a +0 scale mail
 c - a +0 kite shield
 j - a +1 plate armour (worn)
 m - a +0 pair of gloves (worn)
 n - a +1 pair of boots (worn)
Jewellery
 g - an amulet of magic regeneration (around neck)
 r - a cursed -4 ring of evasion
 y - a +6 ring of intelligence (left hand)
Wands
 s - a wand of random effects (15)
 t - a wand of flame (9)
Scrolls
 f - 8 scrolls of identify
 i - 3 scrolls of teleportation
 q - 2 scrolls of remove curse
 v - a scroll of enchant armour
 w - 2 scrolls of fear
Potions
 d - a potion of might
 e - a potion of mutation
 h - a potion of haste
 k - 3 potions of lignification
 p - a potion of resistance {unknown}
 u - 2 potions of attraction
 x - a potion of heal wounds {unknown}


   Skills:
 + Level 6.0 Fighting
 * Level 7.2 Axes
 + Level 6.0 Armour
 + Level 4.2 Dodging
 - Level 3.6 Shields


You had 6 spell levels left.
You didn't know any spells.
Your spell library contained the following spells:

 Spells                   Type           Power        Failure   Level
 Confusing Touch          Hex            0%           100%        3
 Gell's Gravitas          Tloc           0%           100%        3
 Petrify                  Tmut/Erth      0%           100%        4
 Metabolic Englaciation   Hex/Ice        0%           100%        5
 Yara's Violent Unravell  Hex/Tmut       0%           100%        5


Dungeon Overview and Level Annotations

Branches:
Dungeon (5/15)
 Temple: D:4-7

Altars:
Ashenzari
Gozag
Nemelex Xobeh


Innate Abilities, Weirdness & Mutations

You reflexively headbutt those who attack you in melee.
You have a pair of horns on your head.


Message History

The ogre closely misses you. You furiously retaliate!
You headbutt the ogre. The adder bites you but does no damage.
Your plate armour prevents you from hitting the ogre.
The ogre is almost dead.
You barely miss the adder. The adder bites you but does no damage.
The ogre hits you with a +0 giant spiked club!
You hit the ogre.
The ogre is almost dead.
You closely miss the adder. The adder bites you.
You are poisoned.
The adder poisons you! The adder barely misses you.
The ogre hits you with a +0 giant spiked club!
* * * LOW HITPOINT WARNING * * *
You feel better. The adder bites you but does no damage.
You feel better. The adder bites you but does no damage.
The ogre hits you with a +0 giant spiked club!!
* * * LOW HITPOINT WARNING * * *
You feel better. The adder bites you but does no damage.
The ogre hits you with a +0 giant spiked club!!
You die...

## .. .# ####.### #...... ###
#.... ..# ## #SO# #.. . #@.# #.#
.# ########..# #.###.#
#.........# #.....##. #.######..#
#..<..... ##.######..# #.#######
#...†......#######.#######
#..######.................
########..######.##.#.#..........
...............#......#.#.#######


You could see an ogre and an adder.

Vanquished Creatures
  Sigmund (D:5)
  A necrophage (D:5)
  A centaur (D:4)
  An ogre (D:4)
  2 howler monkeys
  4 orc priests
  A centaur skeleton (D:4)
  2 orc wizards
  Terence (D:3)
  2 worker ants
  A worker ant zombie (D:5)
  3 gnolls (D:3)
  5 adders
  A white imp (D:5)
  2 oozes (D:1)
  2 worms
  A dart slug (D:2)
  2 leopard geckos
  11 orcs
  7 bats
  4 giant cockroaches
  6 hobgoblins
  2 quokkas
  6 frilled lizards
  9 goblins
  A jackal skeleton (D:4)
  7 kobolds
  A quokka skeleton (D:4)
  11 rats
98 creatures vanquished.

Notes
Turn   | Place    | Note
-------+----------+-------------------------------------------
     0 | D:1      | Nithhogg the Minotaur Fighter began the quest for the Orb.
     0 | D:1      | Reached XP level 1. HP: 19/19 MP: 0/0
   188 | D:1      | Reached XP level 2. HP: 26/27 MP: 1/1
   193 | D:1      | Reached skill level 3 in Axes
   394 | D:1      | Reached skill level 1 in Dodging
   704 | D:1      | Reached XP level 3. HP: 33/33 MP: 2/2
  1406 | D:2      | Found an opulent altar of Gozag.
  1461 | D:2      | Reached XP level 4. HP: 40/40 MP: 3/3
  1518 | D:2      | Found a sparkling altar of Nemelex Xobeh.
  1941 | D:2      | Reached skill level 4 in Axes
  2175 | D:3      | Reached XP level 5. HP: 32/47 MP: 4/4
  2195 | D:3      | Noticed Terence
  2203 | D:3      | Killed Terence
  2275 | D:3      | You fall into a shaft and drop 1 floor!
  2292 | D:3      | Found a broken altar of Ashenzari.
  2668 | D:3      | Reached skill level 5 in Axes
  2670 | D:3      | Reached XP level 6. HP: 40/55 MP: 5/5
  3258 | D:4      | Reached skill level 5 in Fighting
  3260 | D:4      | Reached skill level 5 in Armour
  3512 | D:4      | Reached skill level 6 in Axes
  3533 | D:4      | Reached XP level 7. HP: 57/61 MP: 6/6
  4063 | D:5      | Entered Level 5 of the Dungeon
  4214 | D:5      | Noticed Sigmund
  4221 | D:5      | Killed Sigmund
  4222 | D:5      | Reached skill level 7 in Axes
  4288 | D:5      | HP: 3/63 [ogre/+0 giant spiked club (18)]
  4289 | D:5      | Demolished by an ogre

Illustrated notes

Levels and vault maps discovered:
D:1:      dpeg_cavernosity, layout_basic, hangedman_abyss_or_decor_stabs
D:2:      minmay_inner_zag, layout_rooms, general_overflow_altar,
          marbit_many_paths, kennysheep_generic_room_10
D:3:      layout_loops_ring, nicolae_ashenzari_panopticon, uniq_terence
D:4:      layout_cave_pools, serial_park, serial_park_paths
          [serial_park_minivault_5x5_2], serial_park_tiny_1, serial_park_tiny_2,
          serial_park_tiny_2, serial_park_tiny_2
D:5:      layout_loops_ring, gup_sewer_entry_glass, makhleb_altar_promises_db,
          uniq_sigmund

Skill      XL: |  1  2  3  4  5  6  7 |
---------------+----------------------+-----
Axes           | 3 4 5 6 7 |  7.2
Dodging        | 1 2 3 4 |  4.2
Fighting       | 4 5 6 |  6.0
Armour         | 4 5 6 |  6.0
Shields        | |  3.6

Action                   |  1- 3 |  4- 6 |  7- 9 || total
-------------------------+-------+-------+-------++-------
Melee: War axe           |    65 |   126 |    45 ||   236
       Headbutt          |    10 |    30 |     4 ||    44
  Use: Scroll            |       |    11 |     3 ||    14
       Potion            |       |       |     3 ||     3
Armor: Scale mail        |     7 |       |       ||     7
       Plate armour      |    39 |    94 |    36 ||   169
Dodge: Dodged            |    33 |    48 |    21 ||   102
